BSA
ST. LOUIS BROWNS @ CHICAGO MACHINE
10/03/2027
 
TOP OF THE 1ST
St. Louis Browns batting - Pitching for Chicago Machine : RHP Aaron Thrash
Pitching: RHP Aaron Thrash
Batting: SHB Ryobe Yamamoto 0-0: Ball
1-0: Ground out 6-3 (Groundball, 6M)
Batting: LHB Joe Sanders 0-0: Swinging Strike
0-1: Ground out 4-3 (Groundball, 4)
Batting: LHB Jorge Torres 0-0: Ball
1-0: Called Strike
1-1: Ball
2-1: Called Strike
2-2: Strikes out swinging
Top of the 1st over - 0 run(s), 0 hit(s), 0 error(s), 0 left on base; St. Louis 0 - Chicago 0
BOTTOM OF THE 1ST
Chicago Machine batting - Pitching for St. Louis Browns : RHP Claudio Martínez
Pitching: RHP Claudio Martínez
Batting: LHB Fernando Ortíz 0-0: Ball
1-0: DOUBLE (Line Drive, 7LM)
Batting: LHB Bob Smith 0-0: Foul Ball, location: 2F
0-1: DOUBLE (Line Drive, 9LD)
Fernando Ortíz scores
Batting: RHB Doug Stephens 0-0: Ball
1-0: 2-RUN HOME RUN (Flyball, 7D), Distance : 406 ft
Batting: LHB Kiyonaga Morita 0-0: Called Strike
0-1: Ball
1-1: Ball
2-1: Foul Ball, location: 2F
2-2: Ball
3-2: Foul Ball, location: 2F
3-2: Fly out, F8 (Flyball, 8RM)
Batting: RHB Matt Doyle 0-0: Ball
1-0: Foul Ball, location: 2F
1-1: SOLO HOME RUN (Flyball, 78XD), Distance : 467 ft
Batting: SHB Joaquín López 0-0: Called Strike
0-1: Called Strike
0-2: Ball
1-2: Ball
2-2: Ball
3-2: Foul Ball, location: 2F
3-2: Ground out 4-3 (Groundball, 4)
Batting: RHB Lorenzo Guzmán 0-0: Ball
1-0: Ground out 5-3 (Groundball, 56)
Bottom of the 1st over - 4 run(s), 4 hit(s), 0 error(s), 0 left on base; St. Louis 0 - Chicago 4
TOP OF THE 2ND
St. Louis Browns batting - Pitching for Chicago Machine : RHP Aaron Thrash
Batting: LHB Robin Hill 0-0: Ball
1-0: Called Strike
1-1: Called Strike
1-2: Foul Ball, location: 2F
1-2: Foul Ball, location: 2F
1-2: Ball
2-2: Ball
3-2: Fly out, F3 (Popup, 3L)
Batting: RHB Anthony Rucker 0-0: Called Strike
0-1: SINGLE (Line Drive, 9S)
Batting: RHB Danny Walker 0-0: Ball
1-0: SINGLE (Line Drive, 4MD)
Anthony Rucker to second
Batting: LHB Junior Coates 0-0: Ball
1-0: Swinging Strike
1-1: Called Strike
1-2: Strikes out looking
Batting: RHB José Flores 0-0: Called Strike
0-1: DOUBLE (Line Drive, 7LM)
Anthony Rucker scores
Danny Walker to third
Batting: RHB Adrian Prouse 0-0: Swinging Strike
0-1: Ball
1-1: Ball
2-1: Swinging Strike
2-2: Ball
3-2: 3-RUN HOME RUN (Flyball, 89XD), Distance : 426 ft
Batting: SHB Ryobe Yamamoto 0-0: Ball
1-0: Called Strike
1-1: Swinging Strike
1-2: Foul Ball, location: 2F
1-2: Strikes out swinging
Top of the 2nd over - 4 run(s), 4 hit(s), 0 error(s), 0 left on base; St. Louis 4 - Chicago 4
BOTTOM OF THE 2ND
Chicago Machine batting - Pitching for St. Louis Browns : RHP Claudio Martínez
Batting: SHB Jesús Ramírez 0-0: Foul Ball, location: 2F
0-1: Called Strike
0-2: Fly out, F9 (Flyball, 9LSF)
Batting: SHB Edward Bartlett 0-0: Ball
1-0: Foul Ball, location: 2F
1-1: SINGLE (Line Drive, 3D)
Batting: LHB Fernando Ortíz 0-0: Foul Ball, location: 2F
0-1: SINGLE (Groundball, 34D)
Edward Bartlett to second
Runner from 2nd tries for 3rd, SAFE, throw made to third
Batting: LHB Bob Smith 0-0: SINGLE (Groundball, 34) (infield hit)
Edward Bartlett scores
Fernando Ortíz to second
Batting: RHB Doug Stephens 0-0: Ball
1-0: Ball
2-0: Grounds into double play, 5-4-3 (Groundball, 56)
Bottom of the 2nd over - 1 run(s), 3 hit(s), 0 error(s), 1 left on base; St. Louis 4 - Chicago 5
TOP OF THE 3RD
St. Louis Browns batting - Pitching for Chicago Machine : RHP Aaron Thrash
Batting: LHB Joe Sanders 0-0: Ground out 3-1 (Groundball, 34)
Batting: LHB Jorge Torres 0-0: Ball
1-0: Ball
2-0: Foul Ball, location: 2F
2-1: Swinging Strike
2-2: Ball
3-2: SINGLE (Groundball, 56D)
Batting: LHB Robin Hill 0-0: Ball
1-0: Ball
2-0: Foul Ball, location: 2F
2-1: Fielders Choice at 2nd, 4-6 (Groundball, 4)
Batting: RHB Anthony Rucker 0-0: Ball
1-0: Called Strike
1-1: Ball
2-1: Fly out, F5 (Popup, 5L)
Top of the 3rd over - 0 run(s), 1 hit(s), 0 error(s), 1 left on base; St. Louis 4 - Chicago 5
BOTTOM OF THE 3RD
Chicago Machine batting - Pitching for St. Louis Browns : RHP Claudio Martínez
Batting: LHB Kiyonaga Morita 0-0: Ball
1-0: Fly out, F8 (Flyball, 78S)
Batting: RHB Matt Doyle 0-0: Ball
1-0: Foul Ball, location: 2F
1-1: Ball
2-1: Foul Ball, location: 2F
2-2: Ball
3-2: SINGLE (Line Drive, 8RS)
Batting: SHB Joaquín López 0-0: Called Strike
0-1: Ball
1-1: Foul Ball, location: 2F
1-2: Ball
2-2: Strikes out swinging
Batting: RHB Lorenzo Guzmán 0-0: Ball
1-0: Ball
2-0: SINGLE (Line Drive, 9LS)
Matt Doyle to second
Runner from 2nd tries for 3rd, SAFE, throw made to third
Batting: SHB Jesús Ramírez 0-0: Called Strike
0-1: Ball
1-1: Ball
2-1: SINGLE (Groundball, 3D)
Matt Doyle scores
Lorenzo Guzmán to second
Runner from 2nd tries for 3rd, SAFE, no throw
Batting: SHB Edward Bartlett 0-0: Called Strike
0-1: Called Strike
0-2: Foul Ball, location: 2F
0-2: Ball
1-2: Strikes out looking
Bottom of the 3rd over - 1 run(s), 3 hit(s), 0 error(s), 2 left on base; St. Louis 4 - Chicago 6
TOP OF THE 4TH
St. Louis Browns batting - Pitching for Chicago Machine : RHP Aaron Thrash
Batting: RHB Danny Walker 0-0: Called Strike
0-1: SINGLE (Line Drive, 8LS)
Batting: LHB Junior Coates 0-0: Ball
1-0: Swinging Strike
1-1: Called Strike
1-2: Ball
2-2: Ball
3-2: Foul Ball, location: 2F
3-2: Foul Ball, location: 2F
3-2: Base on Balls
Danny Walker to second
Batting: RHB José Flores 0-0: Foul Ball, location: 2F
0-1: Ball
1-1: SINGLE (Line Drive, 89S)
Danny Walker to third
Junior Coates to second
Runner from 3rd tries for Home, throw and OUT!
Junior Coates to third
José Flores to second
Batting: RHB Adrian Prouse 0-0: Ball
1-0: Called Strike
1-1: Foul Ball, location: 2F
1-2: DOUBLE (Flyball, 9D)
Junior Coates scores
José Flores scores
Batting: SHB Ryobe Yamamoto 0-0: Called Strike
0-1: Called Strike
0-2: Ball
1-2: Ball
2-2: Foul Ball, location: 2F
2-2: Foul Ball, location: 2F
2-2: Ball
3-2: Foul Ball, location: 2F
3-2: Fly out, F3 (Line Drive, 3)
Batting: LHB Joe Sanders 0-0: Ball
1-0: Ball
2-0: Ground out 4-3 (Groundball, 4MS)
Top of the 4th over - 2 run(s), 3 hit(s), 0 error(s), 1 left on base; St. Louis 6 - Chicago 6
BOTTOM OF THE 4TH
Chicago Machine batting - Pitching for St. Louis Browns : RHP Claudio Martínez
Batting: LHB Fernando Ortíz 0-0: Swinging Strike
0-1: Ball
1-1: Foul Ball, location: 2F
1-2: Foul Ball, location: 2F
1-2: Ground out U3 (Groundball, 3)
Batting: LHB Bob Smith 0-0: Foul Ball, location: 2F
0-1: Ball
1-1: Ball
2-1: Foul Ball, location: 2F
2-2: SINGLE (Groundball, 6D)
Batting: RHB Doug Stephens 0-0: Called Strike
0-1: SINGLE (Flyball, 9LS)
Bob Smith to second
Runner from 2nd tries for 3rd, SAFE, throw made to third
Batting: LHB Kiyonaga Morita 0-0: Called Strike
0-1: Ball
1-1: Swinging Strike
1-2: Foul Ball, location: 2F
1-2: Ball
2-2: Fly out, F7 (Flyball, 7)
Runner from 3rd tags up, SCORES, throw made
Pitching: RHP Rob Hill
Batting: RHB Matt Doyle 0-0: Foul Ball, location: 2F
0-1: Ball
1-1: Ball
2-1: Foul Ball, location: 2F
2-2: Ball
3-2: Foul Ball, location: 2F
3-2: Foul Ball, location: 2F
3-2: Fly out, F8 (Line Drive, 89XD)
Bottom of the 4th over - 1 run(s), 2 hit(s), 0 error(s), 1 left on base; St. Louis 6 - Chicago 7
TOP OF THE 5TH
St. Louis Browns batting - Pitching for Chicago Machine : RHP Aaron Thrash
Pitching: RHP Zózimo Pascoal
Batting: LHB Jorge Torres 0-0: Ball
1-0: Fly out, F8 (Flyball, 8RM)
Batting: LHB Robin Hill 0-0: Ball
1-0: Called Strike
1-1: Called Strike
1-2: Foul Ball, location: 2F
1-2: Ball
2-2: Fly out, F4 (Popup, 34D)
Batting: RHB Anthony Rucker 0-0: Called Strike
0-1: Ball
1-1: Ball
2-1: SINGLE (Groundball, 56D)
Batting: RHB Danny Walker 0-0: Called Strike
Anthony Rucker steals 2nd base
0-1: Swinging Strike
0-2: Ball
1-2: Ball
2-2: Strikes out looking
Top of the 5th over - 0 run(s), 1 hit(s), 0 error(s), 1 left on base; St. Louis 6 - Chicago 7
BOTTOM OF THE 5TH
Chicago Machine batting - Pitching for St. Louis Browns : RHP Rob Hill
Batting: SHB Joaquín López 0-0: Called Strike
0-1: Ground out 6-3 (Groundball, 6)
Batting: RHB Lorenzo Guzmán 0-0: Swinging Strike
0-1: Ball
1-1: Foul Ball, location: 2F
1-2: Ball
2-2: Foul Ball, location: 2F
2-2: Foul Ball, location: 2F
2-2: Ball
3-2: SINGLE (Groundball, 6MD)
Batting: SHB Jesús Ramírez 0-0: Swinging Strike
0-1: Ball
1-1: Ball
2-1: Called Strike
2-2: Ball
3-2: DOUBLE (Line Drive, 3D)
Lorenzo Guzmán to third
Lorenzo Guzmán scores
Batting: SHB Edward Bartlett 0-0: TRIPLE (Groundball, 3L)
Jesús Ramírez scores
Batting: LHB Fernando Ortíz 0-0: Ground out 4-3 (Groundball, 4)
Edward Bartlett scores
Batting: LHB Bob Smith 0-0: Ball
1-0: SINGLE (Groundball, 34D)
Batting: RHB Doug Stephens 0-0: Called Strike
0-1: Called Strike
0-2: Ball
1-2: Strikes out swinging
Bottom of the 5th over - 3 run(s), 4 hit(s), 0 error(s), 1 left on base; St. Louis 6 - Chicago 10
TOP OF THE 6TH
St. Louis Browns batting - Pitching for Chicago Machine : RHP Zózimo Pascoal
Batting: LHB Junior Coates 0-0: Ball
1-0: Ball
2-0: Ball
3-0: Base on Balls
Batting: RHB José Flores 0-0: Swinging Strike
0-1: Ball
1-1: Foul Ball, location: 2F
1-2: Ball
2-2: Strikes out swinging
Batting: RHB Adrian Prouse 0-0: Foul Ball, location: 2F
0-1: Ball
1-1: Called Strike
1-2: Foul Ball, location: 2F
1-2: Foul Ball, location: 2F
1-2: Strikes out swinging
Batting: SHB Ryobe Yamamoto 0-0: SINGLE (Line Drive, 6MD)
Junior Coates to second
Runner from 2nd tries for 3rd, SAFE, throw made to third
Batting: LHB Joe Sanders 0-0: SINGLE (Groundball, 6D)
Junior Coates scores
Ryobe Yamamoto to second
Batting: LHB Jorge Torres 0-0: Fly out, F7 (Flyball, 78D)
Top of the 6th over - 1 run(s), 2 hit(s), 0 error(s), 2 left on base; St. Louis 7 - Chicago 10
BOTTOM OF THE 6TH
Chicago Machine batting - Pitching for St. Louis Browns : RHP Rob Hill
Pitching: RHP Beau Brown
Batting: LHB Kiyonaga Morita 0-0: Ball
1-0: Swinging Strike
1-1: Ball
2-1: Ball
3-1: Called Strike
3-2: Strikes out swinging
Batting: RHB Matt Doyle 0-0: Called Strike
0-1: Ball
1-1: Ball
2-1: Ball
3-1: Foul Ball, location: 2F
3-2: Foul Ball, location: 2F
3-2: Foul Ball, location: 2F
3-2: Foul Ball, location: 2F
3-2: Base on Balls
Batting: SHB Joaquín López 0-0: Called Strike
0-1: Called Strike
0-2: Ball
1-2: Ball
2-2: Ground out 4-3 (Groundball, 4S)
Matt Doyle to second
Batting: RHB Lorenzo Guzmán 0-0: Foul Ball, location: 2F
0-1: Called Strike
0-2: Ball
1-2: Strikes out swinging
Bottom of the 6th over - 0 run(s), 0 hit(s), 0 error(s), 1 left on base; St. Louis 7 - Chicago 10
TOP OF THE 7TH
St. Louis Browns batting - Pitching for Chicago Machine : RHP Zózimo Pascoal
Batting: LHB Robin Hill 0-0: Foul Ball, location: 2F
0-1: Ball
1-1: Ball
2-1: Foul Ball, location: 2F
2-2: Ball
3-2: Base on Balls
Batting: RHB Anthony Rucker 0-0: Called Strike
0-1: Ground out 5-3 (Groundball, 56S)
Robin Hill to second
Batting: RHB Danny Walker 0-0: Ball
1-0: Foul Ball, location: 2F
1-1: Called Strike
1-2: Strikes out looking
Pitching: RHP Horace Jacobs
Batting: LHB Junior Coates 0-0: Called Strike
0-1: Ball
1-1: Fly out, F8 (Flyball, 8RM)
Top of the 7th over - 0 run(s), 0 hit(s), 0 error(s), 1 left on base; St. Louis 7 - Chicago 10
BOTTOM OF THE 7TH
Chicago Machine batting - Pitching for St. Louis Browns : RHP Beau Brown
Batting: SHB Jesús Ramírez 0-0: Ball
1-0: Foul Ball, location: 2F
1-1: Foul Ball, location: 2F
1-2: Reached on error, E7 (Flyball, 7D)
Batting: SHB Edward Bartlett 0-0: Called Strike
0-1: Ball
1-1: Bunted foul
1-2: Ball
2-2: Ball
3-2: Foul Ball, location: 2F
3-2: Base on Balls
Pitching: LHP Santiago Valentín
Batting: LHB Fernando Ortíz 0-0: Bunted foul
0-1: Sac Bunt - play at first, batter OUT! 5-4
Jesús Ramírez to third
Edward Bartlett to second
Pitching: RHP John Allan
Batting: LHB Bob Smith 0-0: Foul Ball, location: 2F
0-1: Ball
1-1: Ball
2-1: SINGLE (Groundball, 6MD)
Jesús Ramírez scores
Edward Bartlett to third
Batting: RHB Doug Stephens 0-0: Called Strike
0-1: Ball
1-1: Fly out, F7 (Flyball, 7LM)
Batting: LHB Kiyonaga Morita 0-0: Ball
1-0: Ball
2-0: Swinging Strike
2-1: Ball
3-1: Foul Ball, location: 2F
3-2: Ground out 6-3 (Groundball, 6M)
Bottom of the 7th over - 1 run(s), 1 hit(s), 1 error(s), 2 left on base; St. Louis 7 - Chicago 11
TOP OF THE 8TH
St. Louis Browns batting - Pitching for Chicago Machine : RHP Horace Jacobs
Batting: RHB José Flores 0-0: Called Strike
0-1: Foul Ball, location: 2F
0-2: Foul Ball, location: 2F
0-2: Strikes out looking
Batting: RHB Adrian Prouse 0-0: Ball
1-0: Ball
2-0: Ball
3-0: Called Strike
3-1: Base on Balls
Batting: SHB Ryobe Yamamoto 0-0: Foul Ball, location: 2F
0-1: 2-RUN HOME RUN (Flyball, 78XD), Distance : 429 ft
Batting: LHB Joe Sanders 0-0: Ball
1-0: Ball
2-0: Fly out, F8 (Flyball, 8RM)
Batting: LHB Jorge Torres 0-0: Called Strike
0-1: Ball
1-1: Called Strike
1-2: SINGLE (Flyball, 8LS)
Pitching: LHP Ricardo Guichardo
Batting: LHB Robin Hill 0-0: Ball
1-0: Called Strike
1-1: Swinging Strike
1-2: Ball
2-2: Ball
3-2: Foul Ball, location: 2F
3-2: Base on Balls
Jorge Torres to second
Pitching: RHP Rex Welch
Batting: RHB Anthony Rucker 0-0: Ball
1-0: Ball
2-0: Foul Ball, location: 2F
2-1: Fielders Choice at 2nd, 5-4 (Groundball, 56)
Top of the 8th over - 2 run(s), 2 hit(s), 0 error(s), 1 left on base; St. Louis 9 - Chicago 11
BOTTOM OF THE 8TH
Chicago Machine batting - Pitching for St. Louis Browns : RHP John Allan
Batting: RHB Matt Doyle 0-0: Fly out, F9 (Flyball, 9S)
Batting: SHB Joaquín López 0-0: Ball
1-0: Fly out, F7 (Flyball, 7LSF)
Batting: RHB Lorenzo Guzmán 0-0: Called Strike
0-1: Foul Ball, location: 2F
0-2: Ball
1-2: Foul Ball, location: 2F
1-2: Ball
2-2: Foul Ball, location: 2F
2-2: Ball
3-2: Foul Ball, location: 2F
3-2: Strikes out looking
Bottom of the 8th over - 0 run(s), 0 hit(s), 0 error(s), 0 left on base; St. Louis 9 - Chicago 11
TOP OF THE 9TH
St. Louis Browns batting - Pitching for Chicago Machine : RHP Rex Welch
Pitching: RHP Shiki Kanno
Batting: RHB Danny Walker 0-0: Ball
1-0: Ball
2-0: SINGLE (Groundball, 6MD)
Batting: LHB Junior Coates 0-0: Grounds into double play, 6-4-3 (Groundball, 6)
Batting: RHB José Flores 0-0: Foul Ball, location: 2F
0-1: Called Strike
0-2: Strikes out looking
Top of the 9th over - 0 run(s), 1 hit(s), 0 error(s), 0 left on base; St. Louis 9 - Chicago 11
Thursday, March 30th, 2017 - OOTP Baseball 17.12 Build 75